Cogmind - Beta 15 @@@ ROGUE MODE // 2025.06.25 @ 22:08:25 Player: dorusv Result: Destroyed by TR-D8U(R) with Subdweller Laser Performance ------------- Evolutions (0) 0 Regions Visited (2) 400 Robots Destroyed (17) 85 Value Destroyed (301) 301 Prototype IDs (0) 0 Alien Tech Used (0) 0 Bonus (0) 0 TOTAL SCORE: 786 Bonus ------- None Cogmind --------- Core Integrity 0/250 Matter 268/300 Energy 98/100 System Corruption 0% Temperature Cool (6) Movement Core (50) Location -10/Subcaves Parts ------- > --- POWER (1) -------- (None) > --- PROPULSION (2) --- (None) > --- UTILITY (2) ------ (None) > --- WEAPON (2) ------- (None) > --- INVENTORY (5) ---- Aluminum Leg Aluminum Leg Aluminum Leg Peak State ------------ > --- POWER ------------ Light Ion Engine > --- PROPULSION ------- Aluminum Leg Makeshift Leg > --- UTILITY ---------- Heat Sink Seismic Detector > --- WEAPON ----------- Medium Laser Assault Rifle > --- INVENTORY -------- Ion Engine Aluminum Leg Aluminum Leg Aluminum Leg [Rating: 10] Favorites ----------- Power Light Ion Engine Engine Light Ion Engine Propulsion Aluminum Leg Leg Aluminum Leg Utility Seismic Detector Device Seismic Detector Weapon Assault Rifle Energy Gun Medium Laser Ballistic Gun Assault Rifle Build | -11 -10 -10 ------- Run | Yrd Mat Sub Slots Evolved . | . . . Power . | . . . Propulsion . | . . . Utility . | . . . Weapon . | . . . Parts Attached 15 | 7 5 3 Power 3 | 1 1 1 Engine 3 | 1 1 1 Core . | . . . Reactor . | . . . Propulsion 6 | 2 2 2 Treads . | . . . Leg 6 | 2 2 2 Wheel . | . . . Hover . | . . . Flight . | . . . Utility 3 | 2 1 . Device 3 | 2 1 . Storage . | . . . Processor . | . . . Hackware . | . . . Protection . | . . . Artifact . | . . . Weapon 3 | 2 1 . Energy Gun 2 | 1 1 . Energy Cannon . | . . . Ballistic Gun 1 | 1 . . Ballistic Cannon . | . . . Launcher . | . . . Special Weapon . | . . . Impact Weapon . | . . . Slashing Weapon . | . . . Piercing Weapon . | . . . Special Melee Weapon . | . . . Unidentified Prototypes . | . . . Parts Lost 10 | . 5 5 Power 3 | . 1 2 Propulsion 2 | . 2 . Utility 2 | . 1 1 Weapon 3 | . 1 2 Highest Loss Streak 5 | . 4 5 To Critical Strikes . | . . . Average Backups 2 | . 1 3 Power . | . . . Propulsion 1 | . . 2 Utility . | . . . Weapon . | . . . Tool/Special . | . . . Unused Backups 1 | . . 1 Power . | . . . Propulsion 1 | . . 1 Utility . | . . . Weapon . | . . . Tool/Special . | . . . Average Slot Usage (%) 95 | . 93 97 Engine 13 | . 13 13 Leg 26 | . 24 28 Device 26 | . 26 26 Energy Gun 13 | . 13 13 Ballistic Gun 13 | . 14 13 Peak Build Rating 10 | 9 9 10 Average Rating 8 | 5 7 9 On Entrance 5 | . 9 7 Naked Turns 1 | . . 1 Heaviest Build 10 | 9 9 10 Greatest Support 30 | 20 20 30 Greatest Overweight (x) 2 | 2 . . Average Overweight (x) . | . . . Largest Inventory Capacity 5 | 5 5 5 Average Capacity 5 | 5 5 5 Most Carried 4 | 1 3 4 Average Carried 2 | . 1 3 Final Capacity 5 | 5 5 5 Final Carried 3 | 1 3 3 Class Distribution -------------------- 77% | Mutant 22% | Scavenger-Mutant Dominant Class ---------------- Mutant | -10/Materials Mutant | -10/Subcaves Resources | -11 -10 -10 ----------- Run | Yrd Mat Sub Matter Collected 474 | 300 156 18 Remotely . | . . . Salvage Created 482 | 143 335 4 Parts 37 | 11 25 1 Haulers Intercepted . | . . . Recyclers Shooed 1 | 1 . . Parts Field Recycled . | . . . Retrieved Matter . | . . . Parts Self-Destructed 9 | . . 9 Prevented . | . . . Kills | -11 -10 -10 ------- Run | Yrd Mat Sub Combat Hostiles Destroyed 13 | . 12 1 Guns 13 | . 12 1 Classes Destroyed 4 | 2 2 . Tunneler 3 | 3 . . Recycler 1 | 1 . . Swarmer 7 | . 6 1 Grunt 6 | . 6 . Best Kill Streak 4 | 2 4 1 Combat Bots Only 4 | . 4 1 Max Kills in Single Turn 1 | 1 1 1 Gunslinging . | . . . Exploded . | . . . Melee . | . . . Uniques/NPCs Destroyed . | . . . Combat | -11 -10 -10 -------- Run | Yrd Mat Sub Hostile Shots Fired 112 | . 77 35 Missed 47 | . 35 12 Hits 65 | . 42 23 Projectile 65 | . 42 23 AOE 1 | . . 1 Damage Taken 1041 | . 529 512 Core 252 | . 83 169 Absorbed by Shields . | . . . Core Remaining (%) 100 | 100 . . Volleys Fired 62 | 10 37 15 Largest 2 | 2 2 2 Hottest 70 | 70 70 70 Shots Fired 109 | 20 60 29 Gun 109 | 20 60 29 Cannon . | . . . Launcher . | . . . Special . | . . . Kinetic 62 | 10 37 15 Thermal 47 | 10 23 14 Explosive . | . . . Electromagnetic . | . . . Robot Hit Streak 23 | 13 9 23 Robot Miss Streak 4 | 1 4 1 Penetration Max . | . . . Secondary Targets 4 | . 4 . Max Gunslinging Chain 1 | . 1 . Shots Hit Robots 78 | 17 35 26 Core Hits 22 | 4 17 1 Critical Kills . | . . . Critical Parts Destroyed . | . . . Critical Strikes 2 | . 1 1 Burn 2 | . 1 1 Melee Attacks . | . . . Impact . | . . . Slashing . | . . . Piercing . | . . . Sneak Attacks . | . . . Combat Hostiles . | . . . Follow-up Attacks . | . . . Damage Inflicted 703 | 207 450 46 Guns 703 | 207 450 46 Cannons . | . . . Explosions . | . . . Melee . | . . . Ramming . | . . . Kinetic 432 | 98 301 33 Thermal 271 | 109 149 13 Explosive . | . . . Electromagnetic . | . . . Impact . | . . . Slashing . | . . . Piercing . | . . . Highest Corruption . | . . . Average Corruption . | . . . Corruption Purged . | . . . Corruption Blocked . | . . . Overload Shots . | . . . Overflow Damage . | . . . Projectiles . | . . . Explosions . | . . . Melee . | . . . Knockbacks . | . . . Impact . | . . . Kinetic . | . . . Secondary . | . . . Self-Inflicted Damage . | . . . Shots . | . . . Rammed . | . . . Targets Rammed . | . . . Kicked . | . . . Crushed . | . . . Highest Temperature 96 | 36 96 . Average Temperature 30 | 14 36 . Received Heat Transfer 186 | . 156 30 Siege Activations . | . . . Martial Activations . | . . . Shielding Activations . | . . . Robots Disrupted . | . . . Combat Hostiles . | . . . Robots Corrupted . | . . . Combat Hostiles . | . . . Parts Fried . | . . . Impact Corruptions . | . . . Robots Melted . | . . . Combat Hostiles . | . . . Parts Melted . | . . . Heat Transferred 962 | 333 518 111 Parts Sabotaged . | . . . Parts Stolen . | . . . Parts Stripped . | . . . Power Chain Reactions . | . . . Alert | -11 -10 -10 ------- Run | Yrd Mat Sub Maximum Alert Level . | . . . Low Security (%) 100 | 100 100 . Level 1 . | . . . Level 2 . | . . . Level 3 . | . . . Level 4 . | . . . Level 5 . | . . . High Security . | . . . Max Security . | . . . Peak Influence 80 | 10 80 . Initial . | . . . Average 28 | 1 35 . Influence Increases 339 | 20 299 20 Destroy 0b10 Robot/C 260 | . 240 20 Destroy 0b10 Robot/NC 20 | 20 . . Destroy Leader 40 | . 40 . Trap Triggered on 0b10 10 | . 10 . Successful Hack 9 | . 9 . Influence Decreases 339 | 20 299 20 Time Decay 285 | 20 249 16 Lost Part 54 | . 50 4 Squads Dispatched 2 | . 2 . Investigation 1 | . 1 . Extermination . | . . . Reinforcement 1 | . 1 . Assault . | . . . Garrison . | . . . Intercept . | . . . Searches Triggered . | . . . Construction Impeded . | . . . Haulers Reinforced . | . . . Active Scanning Responses . | . . . Cargo Convoy Interrupts . | . . . Stealth | -11 -10 -10 --------- Run | Yrd Mat Sub Distress Signals 1 | . 1 . Communications Jammed . | . . . Distress Signals . | . . . Times Spotted 22 | . 18 4 Peak Tracking Total 4 | . 4 2 Tactical Retreats . | . . . Traps | -11 -10 -10 ------- Run | Yrd Mat Sub Traps Triggered 1 | . 1 . Indirectly . | . . . Trap Hack Attempts . | . . . Triggered . | . . . Disarmed . | . . . Reprogrammed 4 | . 4 . Reused 1 | . 1 . Traps Extracted . | . . . Installed . | . . . Triggered 1 | . 1 . Machines | -11 -10 -10 ---------- Run | Yrd Mat Sub Machines Disabled . | . . . Max in Single Turn . | . . . Machines Repaired . | . . . Machines Dismantled . | . . . Machines Sabotaged . | . . . Overloaded Fab Kills . | . . . Hacking | -11 -10 -10 --------- Run | Yrd Mat Sub Machines Accessed 2 | . 2 . Terminals 2 | . 2 . Fabricators . | . . . Repair Stations . | . . . Recycling Units . | . . . Scanalyzers . | . . . Garrison Access . | . . . Total Hacks 8 | . 8 . Successful 4 | . 4 . Failed 4 | . 4 . Catastrophic 1 | . 1 . Database Lockouts . | . . . Manual . | . . . Terminals 8 | . 8 . Fabricators . | . . . Repair Stations . | . . . Recycling Units . | . . . Scanalyzers . | . . . Garrison Access . | . . . Terminal Hacks 4 | . 4 . Locate Traps 2 | . 2 . Reprogram Traps 1 | . 1 . Zone Layout 1 | . 1 . Fabricator Hacks . | . . . Repair Station Hacks . | . . . Recycling Unit Hacks . | . . . Scanalyzer . | . . . Garrison Access Hacks . | . . . Unauthorized Hacks . | . . . Terminals . | . . . Fabricators . | . . . Repair Stations . | . . . Recycling Units . | . . . Scanalyzers . | . . . Garrison Access . | . . . Data Cores Recovered . | . . . Used . | . . . Hacking Detections 2 | . 2 . Full Trace Events 2 | . 2 . Feedback Events . | . . . Feedback Blocked . | . . . Robot Schematics Acquired . | . . . Robots Built . | . . . Authchips . | . . . Time . | . . . Total Robot Build Rating . | . . . Part Schematics Acquired . | . . . Parts Built . | . . . Authchips . | . . . Time . | . . . Total Part Build Rating . | . . . Parts Repaired . | . . . Time . | . . . Parts Recycled . | . . . Recycled Matter . | . . . Retrieved Matter . | . . . Retrieved Components . | . . . Parts Scanalyzed . | . . . Part Schematics Acquired . | . . . Parts Damaged . | . . . Bothacking | -11 -10 -10 ------------ Run | Yrd Mat Sub Used RIF Installer . | . . . Robots Hacked . | . . . Non-combat . | . . . Combat . | . . . Robot Hacks Applied . | . . . Relay Couplers Released . | . . . Fabnet Peak Effective % . | . . . Robots Rewired . | . . . Allies Hacked . | . . . Hacks Repelled . | . . . Allies | -11 -10 -10 -------- Run | Yrd Mat Sub Total Allies . | . . . Largest Group . | . . . Highest-Rated Group . | . . . Highest-Rated Ally . | . . . Total Orders . | . . . Ally Attacks . | . . . Total Damage . | . . . Kills . | . . . Allies Corrupted . | . . . Allies Melted . | . . . Intel | -11 -10 -10 ------- Run | Yrd Mat Sub Active Infowar (turns) 1267 | 79 649 539 Terrain 457 | 27 430 . Seismic 1267 | 79 649 539 Robot Analysis Total . | . . . Derelict Logs Recovered 1 | . . 1 Drone Launches . | . . . Drone Recoveries . | . . . Exploration | -11 -10 -10 ------------- Run | Yrd Mat Sub Turns Passed 1365 | 176 649 540 Spaces Moved 874 | 119 367 388 Core 27 | 20 3 4 Treads . | . . . Legs 847 | 99 364 384 Wheels . | . . . Hover . | . . . Flight . | . . . Fastest Speed 50 | 50 50 50 Average Speed 121 | 113 119 126 Slowest Speed 150 | 150 120 130 Overloaded Moves . | . . . Propulsion Burnouts . | . . . Robots Hopped . | . . . Potential Cave-ins . | . . . Cave-ins Triggered . | . . . Exploration Rate (%) 23 | 6 50 13 Regions Visited 2 Branch Regions 1 Pre-discovered Areas . | . . . Known Exits Taken . | . . . Unknown Exits Taken 2 | 1 1 . Scrap Searched . | . . . Spaces Dug . | . . . Terrain Destroyed . | . . . Melee . | . . . Projectile . | . . . AOE . | . . . Terrain Rammed . | . . . Walls Destroyed . | . . . Machines Disabled . | . . . Actions | -11 -10 -10 --------- Run | Yrd Mat Sub Total 1057 | 136 515 406 Wait 103 | . 103 . Move 872 | 118 366 388 Hop . | . . . Pick Up 4 | 1 3 . Fast Attach 10 | 7 3 . Attach 3 | . 2 1 Detach . | . . . Swap 3 | . 1 2 Drop . | . . . Fire 62 | 10 37 15 Melee . | . . . Ram . | . . . Kick . | . . . Crush . | . . . Escape Stasis . | . . . Rewire . | . . . Trap . | . . . Miscellaneous . | . . . Route ------- -11/Scrapyard -10/Materials (discovered 4 exits: [*Mat] / [*Min x2] / [*Sub]) -10/Subcaves History --------- Turn | Location | Event 4 | -11/Scrapyard | Discovered new exit (range 15) 177 | -11/Scrapyard | Entered Materials 189 | -10/Materials | Discovered new exit (range 13) 311 | -10/Materials | Build established: Mutant 498 | -10/Materials | Discovered new exit (range 8) 573 | -10/Materials | Discovered new exit (range 11) 659 | -10/Materials | Lost 4 parts (1p1n1u1w) 806 | -10/Materials | Discovered new exit (range 3) 826 | -10/Materials | Entered Subcaves 1007 | -10/Subcaves | Learned location of 1 exit from Materials 1312 | -10/Subcaves | Core integrity fell below 50% 1359 | -10/Subcaves | Core integrity fell below 20% 1365 | -10/Subcaves | Released all parts (3) 1366 | -10/Subcaves | Destroyed by TR-D8U(R) with Subdweller Laser Last Messages --------------- 00910_ 3F-8HO(O) collects matter. 00926_ 3F-8HO(O) puts together Mak. Leg. 01007_ Acquired derelict log, extracted data. Data stored: Materials exits (x1). 01026_ Acquired 6 matter. 01027_ Acquired 4 matter. 01256_ S-10 Pest destroyed. 01257_ Subatomizers dissect the Sub. Monowheel. 01277_ PD-BSM(R) suffers critical hit (Burn). 01303_ Lgt. Ion Engine destroyed. 01308_ Subatomizers dissect the Sub. Monowheel. 01323_ Heat Sink destroyed. 01333_ Med. Laser destroyed. 01342_ Acquired 8 matter. 01355_ Assault Rifle destroyed. 01356_ TR-D8U(R): "ARGHSUB!" 01360_ Ion Engine destroyed. 01365_ Released Mak. Leg. 01365_ Released Seismic Detector. 01365_ Released Aluminum Leg. Map ----- +----------------------------------------------------+ | ?????????????????????????????????????????????????? | | ???????????????????????????#######???????????????? | | ??????????????????????????## #???????###???### | | ??????????????????????????# ##??????## ##?## # | | ??????????????????????????# ##???????# ### | | ??????????????????????????# ######???## ## | | ??????????????????????????# #????# | | ??????????????????????????## #???## | | ???????????????????????????## ##### ### | | ####????????????????????????## ### ## #?## | | ## ###???????????????????????##### #??## | | #???????#####????????????### ##???# | | #???????# ##??????????## ##????# | | ##" ###??????# #??????????# ## ##?##### | | ### ## ##?????## #??????????# ## #??# # | | """ %#??????# ##?????????## ## #### | | "" #??????# ####????#### ### ## % | | " ####??????# #???## #?## #### | | #% #?????????## #???# #?## #??## | | ### ##?????????## #??## ### ##### | | ??# #???????##### #### ## | | ??## ##??????# ### ## | | ???# ######?# ## ## | | ???# % ## # ### ##### ### ## | | ???## =! ##??############ # | | ????# R = @ ##??#### ##??## # | | ????# # # # # #### & ######### | | ????#############;;R;;; ###?## | | ????????????????# ;;; ; ### | | ????????????????####### ## ### ## | | ??????????????????????# #### #?## ## | | ??????????????????????####??## ##??###### # | | ?????????????????????????????## #????????# # | | ??????????????????????????????# #????????## # | | ?????????????????????????????? ?????????# # | | ?????????????????????????????# #????????# # | | ????????????????????????????? ##????????## # | | ???????????????????????????? #??????????##### | | ??????????????????????????? #??????????????? | | ??????????????????????????? #??????????????? | | ??????????????????????????? #??????????????? | | ????????????????????????????? ??????????????? | | ?????????????????????????????? #???????????????? | | ?????????????????????????????????????????????????? | | ?????????????????????????????????????????????????? | | ????????????????????????????????????????????????? | | ?????????????????????????????????????????????????? | | ?????????????????????????????????????????????????? | | ?????????????????????????????????????????????????? | | ?????????????????????????????????????????????????? | +----------------------------------------------------+ Best States ------------- Heat Dissipation 35 Energy Generation 10 Energy Capacity 250 Matter Stores 300 Matter Capacity 300 Sight Range 16 Terrain Scan Range 16 Terrain Scan Density 10 Evasion (%) 55 Item Schematics ----------------- None Robot Schematics ------------------ None Fabricated ------------ Nothing Repaired ---------- Nothing Alien Tech Used ----------------- None Achievements -------------- None Challenges ------------ None Game ------ Seed TripodSmallEngine Manual? 0 Play Time 00:08:21 Cumulative 16.4 hours Start 2025.06.25 @ 22:01:59 End 2025.06.25 @ 22:08:25 Sessions 1 Manual Loads 0 Difficulty Rogue Special Mode None Game No. 56 Rogue 53 Adventurer 3 Explorer 0 Win Type - Total 0 Types 0/0/0/0/0/0/0/0/0/0 Lore% 15 Gallery% 21 Achievement% 20 Wizard Run 0 Options --------- Layout 0 ASCII 0 Keyboard 1 Movement Arrows Keybinds 0 Fullscreen 2 Font 24/Smallcaps Map View 91x50 Zoom Use 0% Tactical HUD 1 Map Filters NONE Filters NONE Steam 1 RUN: c07b2338-2ac1-4e3e-9139-6e7599d37908